 Dungeon Sprint DCSS version 0.28.0-45-g0d030f2227 (webtiles) character file.

Game seed: 17740986915942045588

228 McKennaii the Covered (level 5, -7/51 HPs)
             Began as a Demigod Fighter on Apr 18, 2022.
             Mangled by a merfolk siren
             ... wielding a +0 trident
              (15 damage)
             ... in the Dungeon (Sprint II: "The Violet Keep of Menkaure").
             The game lasted 00:00:36 (305 turns).

McKennaii the Covered (Demigod Fighter)              Turns: 305, Time: 00:00:37

Health: -7/51      AC:  7    Str: 21    XL:     5   Next: 42%
Magic:  7/7        EV:  9    Int: 10    God:
Gold:   243        SH:  4    Dex: 13    Spells: 4/4 levels left

rFire   . . .      SeeInvis .   a - +0 trident
rCold   . . .      Faith    .   c - +0 buckler
rNeg    . . .      Spirit   .   b - +0 scale mail
rPois   .          Reflect  .   (no helmet)
rElec   .          Harm     .   (no cloak)
rCorr   .          Rampage  .   (no gloves)
Will    .....      NoTele   +   (no boots)
Stlth   ..........              (no amulet)
HPRegen 0.17/turn               (no ring)
MPRegen 0.10/turn               (no ring)

@: mesmerised
A: high MP 1, forlorn, divine attributes
a: no special abilities


You were in the Dungeon.
You visited 1 branch You collected 243 gold pieces.

Inventory:

Hand Weapons
 a - a +0 trident (weapon)
Armour
 b - a +0 scale mail (worn)
 c - a +0 buckler (worn)
Scrolls
 j - a scroll of blinking
Potions
 d - a potion of might
 e - a potion of curing
 f - a potion of heal wounds
 g - a potion of haste
 h - 2 potions of magic


   Skills:
 + Level 6.8 Fighting
 + Level 6.5 Polearms
 + Level 6.8 Armour
 - Level 2.6 Shields


You had 4 spell levels left.
You didn't know any spells.
Your spell library was empty.

Dungeon Overview and Level Annotations

Branches:
Dungeon (1/1)


Innate Abilities, Weirdness & Mutations

You have an increased reservoir of magic. (+10% MP)
You shall have no god before yourself.
Your divine heritage dramatically boosts your attributes as you level up.


Message History

You reach to attack!
You closely miss the merfolk siren.
The merfolk siren is severely wounded.
The merfolk siren chants its luring song. x2
Reach: a) +0 trident
Press: ? - help, Dir - move target, f/p - merfolk siren
Aim: a merfolk siren, wielding a +0 trident (severely wounded, mesmerising, about 44% to evade your +0 trident)
Okay, then.
Reach: a) +0 trident
Press: ? - help, Dir - move target, f/p - merfolk siren
Aim: a merfolk siren, wielding a +0 trident (severely wounded, mesmerising, about 44% to evade your +0 trident)
You reach to attack!
You hit the merfolk siren but do no damage.
The merfolk siren is severely wounded.
The merfolk siren chants its luring song.
Reach: a) +0 trident
Press: ? - help, Dir - move target, f/p - merfolk siren
Aim: a merfolk siren, wielding a +0 trident (severely wounded, mesmerising, about 44% to evade your +0 trident)
You reach to attack!
You barely miss the merfolk siren.
The merfolk siren is severely wounded.
The merfolk siren chants its luring song.
Reach: a) +0 trident
Press: ? - help, Dir - move target, f/p - merfolk siren
Aim: a merfolk siren, wielding a +0 trident (severely wounded, mesmerising, about 44% to evade your +0 trident)
You reach to attack!
You hit the merfolk siren.
The merfolk siren is almost dead.
The merfolk siren hits you from afar with a +0 trident!
* * * LOW HITPOINT WARNING * * *
Reach: a) +0 trident
Press: ? - help, Dir - move target, f/p - merfolk siren
Aim: a merfolk siren, wielding a +0 trident (almost dead, mesmerising, about 44% to evade your +0 trident)
You reach to attack!
You hit the merfolk siren.
The merfolk siren is almost dead.
The merfolk siren chants its luring song.
Reach: a) +0 trident
Press: ? - help, Dir - move target, f/p - merfolk siren
Aim: a merfolk siren, wielding a +0 trident (almost dead, mesmerising, about 44% to evade your +0 trident)
You reach to attack!
You hit the merfolk siren.
The merfolk siren is almost dead.
The merfolk siren hits you from afar with a +0 trident!
You die...

#+#
###.###
#..#..# #
##.#.##
##. ##†##
#...##.##
#m'@<.+
#...##.##
##. #+# #


You could see a merfolk siren (mesmerising).

Vanquished Creatures
  4 scorpions (D)
4 creatures vanquished.

Vanquished Creatures (others)
  Menkaure (D)
1 creature vanquished.

Grand Total: 5 creatures vanquished

Notes
Turn   | Place    | Note
-------+----------+-------------------------------------------
     0 | D        | McKennaii the Demigod Fighter began the quest for the Orb.
     0 | D        | Reached XP level 1. HP: 18/18 MP: 3/3
     1 | D        | Noticed a scorpion
     1 | D        | Noticed a scorpion
     1 | D        | Noticed a scorpion
     1 | D        | Noticed a scorpion
     6 | D        | Killed a scorpion
     7 | D        | Reached XP level 2. HP: 28/28 MP: 4/4
     7 | D        | Reached XP level 3. HP: 34/34 MP: 5/5
    10 | D        | Killed a scorpion
    11 | D        | Reached skill level 5 in Fighting
    11 | D        | Reached skill level 5 in Polearms
    11 | D        | Reached skill level 5 in Armour
    11 | D        | Reached XP level 4. HP: 37/42 MP: 6/6
    15 | D        | Reached XP level 5. HP: 29/51 MP: 7/7
   219 | D        | Killed Menkaure
   279 | D        | Noticed a merfolk siren
   305 | D        | Mangled by a merfolk siren

Illustrated notes

Levels and vault maps discovered:
D:        the_violet_keep_of_menkaure [sprint2_stairs_cluster_1,
          sprint2_shoproom, sprint2_temple, sprint2_basic_supplies,
          sprint2_obstacle_2, sprint2_obstacle_5, sprint2_obstacle_7,
          sprint2_obstacle_1, sprint2_obstacle_3, sprint2_timed_cluster_1,
          sprint2_smallroom_cluster_1, sprint2_smallroom_final_cluster_1,
          sprint2_transparent_cluster_1, sprint2_second_timed_cluster_1,
          sprint2_sniper_area_1, sprint2_heavy_combat_area_1,
          sprint2_mutation_trap_area_1, sprint2_forest_area_1,
          sprint2_light_combat_area_1, sprint2_behind_water_1,
          sprint2_near_end_vault_1]

Skill      XL: |  1  2  3  4  5 |
---------------+----------------+-----
Fighting       | 4 5 6 |  6.8
Polearms       | 4 5 6 |  6.5
Armour         | 4 5 6 |  6.8
Shields        | |  2.6

Action                   |  1- 3 |  4- 6 || total
-------------------------+-------+-------++-------
Melee: Trident           |     8 |    36 ||    44
  Use: Potion            |     1 |       ||     1
Armor: Scale mail        |     1 |     2 ||     3
Dodge: Dodged            |     2 |     5 ||     7
Block: Buckler           |     1 |       ||     1
